 Seeded DCSS version 0.29.1-2-gbd0b4ee654 (webtiles) character file.

Game seed: 1 (custom seed)

19138 Kazon the Carver (level 12, -1/106 HPs)
             Began as a Green Draconian Berserker on Nov 4, 2022.
             Was a High Priest of Trog.
             Slain by a black mamba (9 damage)
             ... on level 2 of the Lair of Beasts.
             The game lasted 00:57:00 (11209 turns).

Kazon the Carver (Green Draconian Berserker)       Turns: 11209, Time: 00:57:01

Health: -1/106     AC: 11    Str: 17    XL:     12   Next: 33%
Magic:  12/12      EV: 29    Int:  9    God:    Trog [*****.]
Gold:   693        SH:  4    Dex: 12    Spells: 11/11 levels left

rFire   + + .      SeeInvis .   s - +6 double sword of the Bouncing Ghosts {freeze, rF+ rC+ Will+ Str-5}
rCold   + + +      Faith    .   c - +0 buckler
rNeg    + . .      Spirit   .   (body armour unavailable)
rPois   +          Reflect  .   R - +0 hat
rElec   .          Harm     .   P - scarf {rC+ rF+}
rCorr   .          Rampage  .   (no gloves)
Will    +....                   j - +2 pair of boots
Stlth   ++++......              w - amulet of the acrobat
HPRegen 0.27/turn               m - ring of positive energy
MPRegen 0.13/turn               D - ring of protection from cold

@: on berserk cooldown, acrobatic, slowed, very slow
A: breathe noxious fumes, AC +8, unfitting armour, poison resistance,
cold-blooded
a: Breathe Noxious Fumes, Renounce Religion, Berserk, Trog's Hand, Brothers in
Arms


You were on level 2 of the Lair of Beasts.
You worshipped Trog.
Trog was extremely pleased with you.
You visited 2 branches of the dungeon, and saw 13 of its levels.

You collected 919 gold pieces.
You spent 226 gold pieces at shops.

Inventory:

Hand Weapons
 e - a +2 dagger of venom
 s - the +6 double sword of the Bouncing Ghosts (weapon) {freeze, rF+ rC+ Will+ Str-5}
   (You acquired it on level 1 of the Dungeon)

   It freezes those it strikes, dealing additional cold damage.
   It can also slow down cold-blooded creatures.
   Str:       It affects your strength (-5).
   rF:        It protects you from fire.
   rC:        It protects you from cold.
   Will:      It increases your willpower.
 v - the +3 falchion of Winter {venom, rCorr}
   (You bought it in a shop on level 3 of the Dungeon)

   It poisons the flesh of those it strikes.
   rCorr:     It protects you from acid and corrosion.
 x - the +2 Maxwell's thermic engine {flame, freeze}
   (You found it on level 1 of the Lair of Beasts)

   It burns those it strikes, dealing additional fire damage.
   Big, fiery blades are also staple armaments of hydra-hunters.
   It freezes those it strikes, dealing additional cold damage.
   It can also slow down cold-blooded creatures.
   It becomes more effective when it hits something.
   This effect fades over time.
Missiles
 h - 65 stones (quivered)
 l - 27 boomerangs
 o - a throwing net
 C - 4 curare-tipped darts
 E - 20 poisoned darts
Armour
 c - a +0 buckler (worn)
 j - a +2 pair of boots (worn)
 P - a scarf of resistance (worn)
 R - a +0 hat (worn)
Jewellery
 a - a ring of positive energy
 m - a ring of positive energy (left hand)
 w - an amulet of the acrobat (around neck)
 D - a ring of protection from cold (right hand)
Wands
 u - a wand of mindburst (17)
 A - a wand of flame (45)
 I - a wand of paralysis (26)
 J - a wand of roots (6)
 O - a wand of polymorph (11)
Scrolls
 b - 2 scrolls of noise {unknown}
 f - a scroll of magic mapping {unknown}
 i - 4 scrolls of identify
 k - 2 scrolls of immolation {unknown}
 n - 3 scrolls of fog {unknown}
 p - 2 scrolls of poison {unknown}
 r - 4 scrolls of teleportation
 y - 2 scrolls of enchant weapon {unknown}
 F - 3 scrolls of fear {unknown}
 K - a scroll of summoning {unknown}
 M - a scroll of amnesia {unknown}
 Q - a scroll of vulnerability {unknown}
 S - a scroll of enchant armour {unknown}
Potions
 d - 2 potions of haste
 g - 4 potions of berserk rage
 q - 6 potions of lignification
 t - 2 potions of ambrosia
 z - 2 potions of flight
 B - 2 potions of cancellation
 G - 2 potions of might
 H - 2 potions of curing
 N - a potion of invisibility {unknown}
 T - a potion of heal wounds {unknown}
Miscellaneous
 L - a condenser vane


   Skills:
 + Level 10.0 Fighting
 + Level 1.0(8.4) Short Blades
 + Level 13.0 Long Blades
 + Level 5.5 Throwing
 + Level 7.3 Dodging
 + Level 8.4 Stealth
 + Level 1.8 Shields
 * Level 7.0 Evocations


You had 11 spell levels left.
You didn't know any spells.
Your spell library was empty.

Dungeon Overview and Level Annotations

Branches:
Dungeon (11/15)            Temple (0/1) D:7            Lair (2/5) D:10
  Swamp: Lair:2-3    Shoals: Lair:2-3     Snake: Lair:2-3    Spider: Lair:2-3
    Orc: D:9-12

Altars:
Elyvilon
Hepliaklqana
Uskayaw

Shops:
D:3 (   D:8 ?(==   D:10 :

Annotations:
Lair:2 Fannar


Innate Abilities, Weirdness & Mutations

You can breathe blasts of noxious fumes.
Your lurid green scales are hard. (AC +8)
You cannot fit into any form of body armour.
Your system is resistant to poisons. (rPois)
You are cold-blooded and may be slowed by cold attacks.


Message History

The black mamba bites you!
You are engulfed in calcifying dust.
The black mamba bites you! The black mamba completely misses you.
You are engulfed in calcifying dust.
The black mamba barely misses you.
You have got your breath back.
The black mamba bites you. The black mamba bites you!
Fannar murmurs some mystic words to themself.
The black mamba bites you but does no damage. x2
Fannar hits you with a +0 quarterstaff of freezing.
The black mamba bites you!
The black mamba bites you but does no damage.
Fannar hits you with a +0 quarterstaff of freezing.
The black mamba bites you!
Fannar hits you with a +0 quarterstaff of freezing.
The black mamba bites you but does no damage.
The black mamba bites you!
* * * LOW HITPOINT WARNING * * *
Fannar hits you with a +0 quarterstaff of freezing.
* * * LOW HITPOINT WARNING * * *
The black mamba bites you!
* * * LOW HITPOINT WARNING * * *
The black mamba bites you!
* * * LOW HITPOINT WARNING * * *
Fannar hits you with a +0 quarterstaff of freezing!
* * * LOW HITPOINT WARNING * * *
You are no longer berserk.
You feel yourself slow down. The black mamba bites you.
* * * LOW HITPOINT WARNING * * *
The black mamba bites you.
* * * LOW HITPOINT WARNING * * *
Fannar hits you with a +0 quarterstaff of freezing.
* * * LOW HITPOINT WARNING * * *
You turn to flesh and can move again.
Your iron troll goes berserk!
You block the black mamba's attack. The black mamba bites you.
* * * LOW HITPOINT WARNING * * *
Fannar closely misses you.
The black mamba bites you but does no damage.
The black mamba bites you!
You die...

##....................
#....P##P.............
##...####....#......:.
#.....##....#..$......
##....................
##..........#........
##........Te..####P.~
#....#.....SF.####~~#
##...#.#.#@##.###.~~.
##...###..###.P#..P..
##....###.####........
#............#........
##...........#..#...#~...#..
##...##.........~~≈~~....#.
##...###.......#~≈≈≈#...#..
#....#####......≈≈≈~.......
#.....# #......~≈≈≈#......


You could see Fannar (ally target), a black mamba, a cane toad and a friendly
iron troll (summoned, berserk).

Vanquished Creatures
  Erolcha (D:10)
  A catoblepas (Lair:2)
  A two-headed ogre (D:9)
  An ugly thing (D:11)
  2 black mambas (Lair:1)
  2 cane toads
  Maggie (D:6)
  7 komodo dragons
  3 kobold demonologists
  2 trolls (D:10)
  Prince Ribbit (D:9)
  6 blink frogs
  2 shadows
  A vampire (D:10)
  25 yaks
  2 wyverns
  A basilisk (Lair:1)
  Eustachio (D:5)
  2 steam dragons
  Menkaure (D:5)
  Edmund (D:6)
  2 acid dragons
  5 water moccasins
  5 orc warriors
  An ice beast (D:8)
  5 sky beasts
  2 black bears (D:6)
  5 centaurs
  An ogre (D:6)
  A wolf (D:10)
  2 phantoms (D:6)
  3 kobold brigands
  3 necrophages
  3 bullfrogs
  A gnoll sergeant (D:7)
  5 scorpions
  21 wights
  3 killer bees (D:10)
  An electric eel (D:10)
  A howler monkey (D:5)
  2 jellies (D:6)
  6 hounds
  7 orc priests
  A gnoll bouda (D:7)
  6 iguanas
  4 orc wizards
  Robin (D:3)
  15 gnolls
  13 adders
  3 shadow imps
  2 white imps (D:7)
  An ufetubus (D:5)
  3 worms
  37 orcs
  11 endoplasms
  A giant cockroach (D:1)
  16 goblins
  9 hobgoblins
  A jackal (D:4)
  25 kobolds
  A quokka (D:1)
  5 ball pythons
  4 bats
  3 frilled lizards
  6 rats
317 creatures vanquished.

Vanquished Creatures (others)
  A quokka (D:7)
  3 fungi (Lair:2)
  4 plants (Lair:2)
8 creatures vanquished.

Grand Total: 325 creatures vanquished

Notes
Turn   | Place    | Note
-------+----------+-------------------------------------------
     0 | D:1      | Kazon the Draconian Berserker began the quest for the Orb.
     0 | D:1      | Reached XP level 1. HP: 19/19 MP: 1/1
    32 | D:1      | Identified a scroll of acquirement
    32 | D:1      | Acquired the +6 double sword of the Bouncing Ghosts
                  | {freeze, rF+ rC+ Will+ Str-5}
   268 | D:1      | Reached XP level 2. HP: 20/26 MP: 2/2
   695 | D:2      | Reached ** piety under Trog
   811 | D:2      | Reached XP level 3. HP: 33/33 MP: 3/3
  1071 | D:2      | Reached skill level 4 in Long Blades
  1071 | D:2      | Reached XP level 4. HP: 40/40 MP: 4/4
  1291 | D:3      | Found Umat's Antique Weapon Boutique.
  1325 | D:3      | Bought a crude falchion for 184 gold pieces
  1325 | D:3      | Identified the +3 falchion of Winter {venom, rCorr} (You
                  | bought it in a shop on level 3 of the Dungeon)
  1426 | D:3      | Noticed Robin
  1449 | D:3      | Killed Robin
  1759 | D:3      | Reached skill level 1 in Throwing
  1759 | D:3      | Reached XP level 5. HP: 12/47 MP: 5/5
  2053 | D:3      | Reached skill level 7 in Long Blades
  2053 | D:3      | Reached skill level 5 in Dodging
  2053 | D:3      | Reached skill level 5 in Stealth
  2053 | D:3      | Reached XP level 6. HP: 60/60 MP: 6/6
  2340 | D:4      | Reached *** piety under Trog
  2448 | D:4      | Found a hazy altar of Hepliaklqana.
  2645 | D:4      | Reached skill level 5 in Throwing
  2759 | D:4      | Your scales start taking on a lurid green colour.
  2759 | D:4      | Reached XP level 7. HP: 66/66 MP: 7/7
  2759 | D:4      | Gained mutation: Your system is resistant to poisons.
                  | (rPois) [Green Draconian growth]
  3292 | D:5      | Entered Level 5 of the Dungeon
  3385 | D:5      | Noticed Menkaure
  3398 | D:5      | Killed Menkaure
  3399 | D:5      | Reached skill level 1 in Evocations
  3681 | D:5      | Reached skill level 8 in Long Blades
  3701 | D:5      | Reached XP level 8. HP: 66/74 MP: 8/8
  4058 | D:5      | Noticed Eustachio
  4075 | D:5      | Killed Eustachio
  4327 | D:6      | Reached **** piety under Trog
  4443 | D:6      | Noticed Edmund
  4466 | D:6      | Killed Edmund
  4481 | D:6      | Reached XP level 9. HP: 64/81 MP: 9/9
  4548 | D:6      | Reached skill level 9 in Long Blades
  4786 | D:6      | Noticed Maggie
  4801 | D:6      | Killed Maggie
  4822 | D:6      | Reached ***** piety under Trog
  5260 | D:7      | Found a staircase to the Ecumenical Temple.
  5335 | D:7      | Found a hide-covered altar of Uskayaw.
  5370 | D:7      | Reached skill level 10 in Long Blades
  5370 | D:7      | Reached XP level 10. HP: 74/88 MP: 10/10
  5549 | D:7      | Found a white marble altar of Elyvilon.
  5561 | D:7      | Received a gift from Trog
  5978 | D:8      | Found Quzidd's Magic Scroll Emporium.
  5983 | D:8      | Bought a scroll of teleportation for 42 gold pieces
  6118 | D:8      | Found Esumer's Weapon Shop.
  6234 | D:8      | Found Heidghoki's Jewellery Shop.
  6446 | D:8      | Found Zoxtaeshakh's Jewellery Boutique.
  7018 | D:9      | Noticed Prince Ribbit
  7376 | D:9      | Noticed a two-headed ogre
  7386 | D:9      | Killed a two-headed ogre
  7537 | D:9      | Killed Prince Ribbit
  7575 | D:9      | Reached skill level 11 in Long Blades
  7798 | D:10     | Entered Level 10 of the Dungeon
  7878 | D:10     | Found a staircase to the Lair.
  7952 | D:10     | Reached XP level 11. HP: 48/95 MP: 11/11
  7961 | D:10     | Noticed Erolcha
  7969 | D:10     | Killed Erolcha
  8142 | D:10     | Identified the +5 long sword of the Land of Plenty {drain,
                  | Dex+3}
  8156 | D:10     | Found Juagoaq's Book Shoppe.
  8210 | D:10     | Reached skill level 5 in Evocations
  8648 | D:10     | Reached skill level 1 in Short Blades
  9239 | D:11     | Noticed a green ugly thing
  9251 | D:11     | Killed a green ugly thing
  9499 | D:11     | Reached skill level 12 in Long Blades
  9697 | D:11     | Noticed a sun demon
 10129 | Lair:1   | Entered Level 1 of the Lair of Beasts
 10193 | Lair:1   | Found the +2 Maxwell's thermic engine {flame, freeze}
 10283 | Lair:1   | Reached skill level 1 in Shields
 10332 | Lair:1   | Reached XP level 12. HP: 74/106 MP: 12/12
 11007 | Lair:2   | Reached skill level 10 in Fighting
 11167 | Lair:2   | Noticed a catoblepas
 11190 | Lair:2   | Noticed Fannar
 11194 | Lair:2   | Killed a catoblepas
 11195 | Lair:2   | Reached skill level 13 in Long Blades
 11209 | Lair:2   | Slain by a black mamba

Illustrated notes

Levels and vault maps discovered:
D:1:      dpeg_arrival_three_smaller_balls, layout_basic
D:2:      layout_loops_ring
D:3:      layout_basic, serial_shops, nicolae_shop_stone, st_stairs_9,
          minmay_misc_feat_doors, eino_curves_03, uniq_robin
D:4:      minmay_wonky_spiral, layout_basic,
          mainiacjoe_overflow_surrounded_room, minivault_5
D:5:      layout_cave_pods, uniq_menkaure, uniq_eustachio
D:6:      cheibrodos_barr_body, layout_basic, minmay_crystal_room,
          minmay_pentangle, uniq_maggie, uniq_edmund
D:7:      layout_cave_pools, nicolae_uskayaw_murder_on_the_dancefloor,
          elyvilon_altar_4, minmay_temple_entry_purple_smoke
D:8:      layout_basic, serial_shops, shop_statue, kennysheep_little_box, shop,
          nicolae_shop_window_shopping
D:9:      layout_cave_pools, uniq_prince_ribbit1
D:10:     layout_stronghold, erik_lair_island, serial_shops,
          nicolae_shop_statue_plus, uniq_erolcha
D:11:     layout_roguey
Lair:1:   layout_long_grid, fungi_pond_lemuel, cheibrodos_lair_reptile_den
Lair:2:   layout_gridlike, uniq_fannar

Skill      XL: |  1  2  3  4  5  6  7  8  9 10 11 12 |
---------------+-------------------------------------+-----
Dodging        | 3 5 6 7 |  7.3
Fighting       | 4 7 8 9 10 | 10.0
Long Blades    | 4 7 8 10 11 12 13 | 13.0
Throwing       | 1 4 5 |  5.5
Stealth        | 5 6 7 8 |  8.4
Evocations     | 1 2 3 4 6 7 |  7.0
Short Blades   | 1 |  1.0
Shields        | 1 |  1.8

Action                   |  1- 3 |  4- 6 |  7- 9 | 10-12 || total
-------------------------+-------+-------+-------+-------++-------
Melee: Double sword      |    44 |    88 |   180 |   295 ||   607
       Tailslap          |     3 |     4 |    18 |    65 ||    90
       Falchion          |     1 |       |       |    61 ||    62
       Punch             |       |     2 |       |       ||     2
       Dagger            |       |       |       |    52 ||    52
Throw: Stone             |     2 |    20 |    12 |    39 ||    73
       Dart              |       |       |       |     7 ||     7
Invok: Berserk           |       |       |     1 |     4 ||     5
       Trog's Hand       |       |       |       |     1 ||     1
       Brothers in Arms  |       |       |       |     1 ||     1
 Abil: Breathe Noxious F |       |       |    24 |    30 ||    54
Evoke: Wand              |       |       |     3 |       ||     3
  Use: Scroll            |     1 |     3 |     5 |     3 ||    12
       Potion            |       |     2 |       |       ||     2
 Stab: Sleeping          |       |     1 |     7 |    18 ||    26
       Confused          |       |       |    11 |    23 ||    34
       Distracted        |       |       |       |     1 ||     1
Armor: Skin              |    15 |    36 |    44 |    61 ||   156
Dodge: Dodged            |    27 |    53 |    99 |   218 ||   397
Block: Buckler           |       |       |    10 |    40 ||    50
